 Dungeon Crawl Stone Soup version 0.18-a0-1626-g65af6d3 (console) character file.

158 Liam the Magician (level 5, 0/31 HPs)
             Began as a High Elf Wizard on Mar 23, 2016.
             Succumbed to an adder's poison
             ... on level 2 of the Dungeon on Mar 24, 2016.
             The game lasted 00:03:47 (1779 turns).

Liam the Magician (High Elf Wizard)                 Turns: 1779, Time: 00:03:48

Health: 0/31       AC:  2    Str:  6    XL:     5   Next: 16%
Magic:  2/13       EV: 12    Int: 23    God:
Gold:   119        SH:  0    Dex: 13    Spells: 3 memorised, 9 levels left

rFire  . . .     SeeInvis .     (no weapon)
rCold  . . .     Gourm    .     a - +0 robe
rNeg   . . .     Faith    .     (no shield)
rPois  .         Spirit   .     b - +0 hat
rElec  .         Dismiss  .     (no cloak)
rCorr  .         Reflect  .     (no gloves)
SustAt .         Harm     .     (no boots)
MR     .....                    (no amulet)
Stlth  ++........               (no ring)
                                (no ring)

@: lethally poisoned (0 -> -5), exhausted, not resistant to hostile
enchantments, unstealthy
A: no striking features
a: no special abilities


You were on level 2 of the Dungeon.
You were very hungry.

You visited 1 branch of the dungeon, and saw 3 of its levels.

You collected 119 gold pieces.

Inventory:

Armour
 a - a +0 robe (worn)
 b - a +0 hat (worn)
Jewellery
 m - a +5 amulet of reflection {unknown}
Wands
 p - a wand of polymorph (12/24)
Scrolls
 e - a scroll of amnesia {unknown}
 g - a scroll of recharging {unknown}
 h - a scroll of identify {unknown}
 l - a scroll of fear {unknown}
 n - 2 scrolls of immolation {unknown}
Books
 c - a book of Minor Magic

   Spells                             Type                      Level
   a - Magic Dart                     Conjuration                  1
   b - Blink                          Translocation                2
   c - Call Imp                       Summoning                    2
   d - Repel Missiles                 Charms/Air                   2
   e - Slow                           Hexes                        2
   f - Conjure Flame                  Conjuration/Fire             3
   g - Mephitic Cloud                 Conjuration/Poison/Air       3
Comestibles
 d - 2 bread rations
 f - a beef jerky
 i - 2 royal jellies
 k - 2 meat rations


   Skills:
 - Level 2.1 Dodging
 - Level 2.1 Stealth
 + Level 5.2 Spellcasting
 + Level 4.1 Conjurations
   Level 0.8 Summonings
 - Level 1.1 Translocations


You had 9 spell levels left.
You knew the following spells:

 Your Spells              Type           Power        Failure   Level  Hunger
a - Magic Dart            Conj           ###.         1%          1    None
b - Blink                 Tloc           N/A          12%         2    None
m - Repel Missiles        Chrm/Air       #.....       17%         2    None


Dungeon Overview and Level Annotations

Branches:
Dungeon (3/15)

Altars:
Makhleb


Message History

You feel sick. The adder bites you but does no damage.
Drink which item? (? for menu, Esc to quit)
You can't drink that!
Unknown command.
Drink which item? (? for menu, Esc to quit)
It was a potion of cancellation.
Your magical effects are unravelling.
You feel magically purged.
You feel yourself speed up.
* * * LOW HITPOINT WARNING * * *
You feel sick. The adder barely misses you. The adder misses you.
Casting: Magic Dart
Confirm with . or Enter, or press ? or * to list all spells.
You don't have enough magic to cast that spell.
* * * LOW HITPOINT WARNING * * *
You feel sick. The adder barely misses you.
* * * LOW HITPOINT WARNING * * *
You feel sick.
You die...

#..............#>#'#####.#
###..............#.........#
.##..............#.........#
.##........##..###.........#
.##.............##.........#
................##.........#
.....######.....##.........#
.....# #................#
.....# #...(#@###+#####.#
#....# ##....#.# #.......#
#....#####....##S###.#######
.........#....##..##.#
._.#.....#....#...##.#
...#..........#....#.#
..#####.....###....#.# ..#
###.......#......###
#####.#.#.#...#........#


You could see an adder.

Vanquished Creatures
  An ice beast (D:3)
  2 adders (D:2)
  A worm (D:2)
  2 dart slugs (D:1)
  2 giant geckos (D:1)
  6 bats
  5 giant cockroaches
  5 goblins (D:2)
  4 hobgoblins (D:1)
  A ball python (D:3)
  3 giant newts
  7 kobolds
  4 rats
43 creatures vanquished.

Notes
Turn   | Place    | Note
--------------------------------------------------------------
     0 | D:1      | Liam the High Elf Wizard began the quest for the Orb.
     0 | D:1      | Reached XP level 1. HP: 11/11 MP: 6/6
   131 | D:1      | Upgraded the game from 0.18-a0-1577-gf591c28 to 0.18-a0-1626-g65af6d3
   190 | D:1      | Reached skill level 4 in Spellcasting
   190 | D:1      | Reached XP level 2. HP: 17/17 MP: 4/8
   359 | D:1      | Learned a level 2 spell: Blink
   362 | D:1      | Learned a level 2 spell: Repel Missiles
  1043 | D:2      | Reached XP level 3. HP: 21/21 MP: 5/9
  1226 | D:2      | Found a faded altar to an unknown god.
  1266 | D:2      | Found a burning altar of Makhleb.
  1657 | D:2      | Reached XP level 4. HP: 27/27 MP: 9/11
  1740 | D:3      | Noticed an ice beast
  1759 | D:3      | Killed an ice beast
  1759 | D:3      | Reached skill level 5 in Spellcasting
  1759 | D:3      | Reached XP level 5. HP: 12/31 MP: 0/13
  1777 | D:2      | HP: 1/31 [poisoned by an adder]
  1779 | D:2      | Succumbed to an adder's poison

Vault maps used:
D:1:      scummos_arrival_forest, columned_hall_lemuel
D:2:      bloody_makhleb, ecumenical_altar_1, st_stairs_8
D:3:      old_standard_altar, yredelemnul_altar_generic, uniq_iyjb, uniq_natasha

Skill      XL: |  1  2  3  4 |
---------------+-------------+-----
Spellcasting   | 4 5 |  5.2
Conjurations   | 2 3 4 |  4.1
Dodging        | |  2.1
Stealth        | |  2.1
Summonings     | |  0.8
Translocations | |  1.1

Action                   |  1- 3 |  4- 6 || total
-------------------------+-------+-------++-------
Melee: Unarmed           |    14 |       ||    14
 Cast: Magic Dart        |   106 |    18 ||   124
  Use: Potion            |       |     2 ||     2
  Eat: Chunk             |     2 |       ||     2
